Unix NetHack Version 3.7.0-71 Work-in-progress - last build Jan 31 2023 02:41:03 (7ba98a1283f2b7cec35fde026edb48fc825ab8ae,branch:master). Game began 2023-02-11 17:08:31, ended 2023-02-11 17:48:55. McPanther, chaotic male elven Wizard -------------------------------- |..............................| |.-|------..{.----------|-----.| |.|..| ((|%)..| |..|%! |.| |.|((|(( |.)..| |{.|%!.-.| |.|((| |%.%.| ---------|.| |.|----+--....-+-- ... |.| #|.| +.............- |.| #..| |.......{..-+-- |.| #|.----....-|---.| |.| ---------- |.........|...|.| |.| |........| |.-|------|...|+- |.| +..<.....| +.|... |...| |.| |........| |.|....| |...| | |.|# ###.........| ..-------+----------.. -----.|#### |........| |........B......................# -|-------- --------------------------------## McPanther the Thaumaturge St:5 Dx:16 Co:16 In:20 Wi:10 Ch:8 Chaotic S:5073 Dlvl:7 $:1395 HP:0(51) Pw:64(81) AC:3 Xp:6/574 T:5005 Hungry Latest messages: The giant ant misses! You kill the giant ant! The door opens. The giant ant misses! The giant ant bites! You miss the giant ant. The giant ant bites! The giant ant misses! In what direction? The spell hits the giant ant! The spell hits the giant ant! The giant ant just misses! You hit the giant ant! The giant ant misses! The giant ant bites! You miss the giant ant. The giant ant bites! The giant ant misses! What do you want to zap? [clqBRT or ?*] In what direction? You kill the giant ant! The magic missile hits it. You hear a door open. You hear a gurgling noise. What do you want to zap? [clqBRT or ?*] Nothing happens. You hear water falling on coins. What do you want to zap? [clqBRT or ?*] Nothing happens. The giant ant bites! What do you want to zap? [clqBRT or ?*] In what direction? You kill the giant ant! The magic missile hits the giant bat. What do you want to throw? [$M or ?*] In what direction? The giant bat bites! You miss the giant bat. The giant bat bites! The giant bat bites! # Are you sure you want to pray? [yn] (n) You begin praying to Anhur. The giant bat misses! The giant bat bites! The giant bat bites! The giant bat bites! You die... Do you want your possessions identified? [ynq] (y) Do you want to see your attributes? [ynq] (y) Inventory: Coins $ - 1395 gold pieces Weapons a - a blessed +2 quarterstaff (weapon in hands) Armor L - an uncursed +0 dwarvish iron helm (being worn) O - an uncursed +0 pair of iron shoes (being worn) r - an uncursed +0 leather armor (being worn) Comestibles C - an uncursed tripe ration Scrolls k - 2 uncursed scrolls of magic mapping N - an uncursed scroll of remove curse J - an uncursed scroll of teleportation Potions y - an uncursed potion of enlightenment h - an uncursed potion of water Rings e - an uncursed +1 ring of gain constitution (on right hand) d - an uncursed +1 ring of protection (on left hand) K - an uncursed ring of shock resistance Wands T - a wand of digging (0:4) c - a wand of digging (0:3) l - a wand of light (0:11) B - a wand of magic missile (0:1) q - a wand of make invisible (0:6) R - a wand of striking (0:0) Tools n - an uncursed blindfold w - a +0 pick-axe Gems/Stones D - an uncursed citrine stone G - 2 uncursed worthless pieces of blue glass j - an uncursed worthless piece of green glass H - an uncursed worthless piece of green glass m - an uncursed worthless piece of orange glass I - an uncursed worthless piece of red glass Y - 2 uncursed worthless pieces of red glass McPanther the Wizard's attributes: Background: You were a Thaumaturge, a level 6 male elven Wizard. You were chaotic, on a mission for Anhur who was opposed by Ptah (lawful) and Thoth (neutral). You were in the Gnomish Mines, on level 7. You entered the dungeon 5005 turns ago. You had 574 experience points, 66 more were needed to attain level 7. Your score was 5073 before end-of-game adjustments. Basics: You had 0 out of 51 hit points. You had 64 out of 81 energy points (spell power). Your armor class was 3. Your wallet contained 1395 zorkmids. Autopickup was on for '$"?!=/' plus thrown, with exceptions. Final Characteristics: Your strength was 5 (peak:9, limit:18). Your dexterity was 16 (limit:18). Your constitution was 16 (base:15, limit:16). Your intelligence was 20 (limit:20). Your wisdom was 10 (peak:11, limit:20). Your charisma was 8 (limit:18). Final Status: You were hungry. You were unencumbered. You were wielding a quarterstaff. You were skilled in quarterstaff. Final Attributes: You were piously aligned. You were sleep resistant. You had infravision. You were invisible. You had a small defense bonus (+1). You were guarded. Anhur was angry with you. You are dead. Miscellaneous: You never encountered a bones level. Total elapsed playing time was 40 minutes and 23 seconds. Major events: Turn 1: McPanther the chaotic male elven Wizard entered the dungeon 614: attained the rank of Conjurer (level 3) 983: entered the Gnomish Mines 2984: attained the rank of Thaumaturge (level 6) 4785: reached Mine Town 5005: killed by a giant bat, while praying Vanquished creatures: a water nymph a rock piercer a yellow light 4 shriekers 7 gnome leaders 8 giant ants a floating eye a kitten 7 dwarves 3 hill orcs a centipede 3 giant bats 4 monkeys a dwarf zombie a wererat a werejackal an iguana 4 killer bees an acid blob 3 coyotes 2 hobbits a large kobold a hobgoblin 4 giant rats 2 yellow molds 25 gnomes 3 geckos 3 jackals 2 foxes a kobold a goblin 7 sewer rats 11 grid bugs a bat 7 lichens a kobold zombie 3 newts 129 creatures vanquished. No species were genocided or became extinct. Voluntary challenges: You read items or engraved 14 times. You never engraved Elbereth. You never genocided any monsters. You never polymorphed an object. You never changed form. You used no wishes. Achievements: You attained the rank of Conjurer. You entered the Gnomish Mines. You attained the rank of Thaumaturge. You entered Minetown. You entered a shop. The Dungeons of Doom: levels 1 to 5 Level 1: An altar to Anhur. Level 2: Level 3: Some graves. Stairs down to The Gnomish Mines. Level 4: Some fountains. Level 5: The Gnomish Mines: levels 4 to 7 Level 4: Level 5: "cloak magic res" Level 6: Level 7: <- You were here. A shop, some fountains, a sink. Final resting place for you, killed by a giant bat, while praying. Game over: ---------- / \ / REST \ / IN \ / PEACE \ / \ | McPanther | | 1395 Au | | killed by a | | giant bat | | | | | | 2023 | *| * * * | * _________)/\\_//(\/(/\)/\//\/|_)_______ Goodbye McPanther the Wizard... You died in The Gnomish Mines on dungeon level 7 with 4934 points, and 1395 pieces of gold, after 5005 moves. You were level 6 with a maximum of 51 hit points when you died.